 Dungeon Crawl Stone Soup version 0.31-a0-435-g2c6fae2916 (webtiles) character file.

Game seed: 14782759939156494724

306 pokeman the Magician (level 6, -2/34 HPs)
             Began as a Deep Elf Hedge Wizard on Aug 1, 2023.
             Slain by an ogre
             ... wielding a +0 giant spiked club
              (36 damage)
             ... on level 5 of the Dungeon.
             The game lasted 00:07:33 (4128 turns).

pokeman the Magician (Deep Elf Hedge Wizard)        Turns: 4128, Time: 00:07:33

Health: -2/34      AC:  3    Str:  7    XL:     6   Next: 16%
Magic:  14/17      EV: 13    Int: 21    God:
Gold:   162        SH:  0    Dex: 14    Spells: 5/18 levels left

rFire   . . .        j - +0 longbow
rCold   . . .        (shield currently unavailable)
rNeg    . . .        b - +0 robe
rPois   +            c - +0 hat
rElec   .            (no cloak)
rCorr   +            (no gloves)
SInv    .            u - +0 pair of boots
Will    .....        (no amulet)
Stlth   ++           p - ring of poison resistance
HPRegen 0.25/turn    y - ring of resist corrosion
MPRegen 0.15/turn

%: no passive effects
@: no status effects
A: no striking features
a: no special abilities


You were on level 5 of the Dungeon.
You visited 1 branch of the dungeon, and saw 5 of its levels.

You collected 294 gold pieces.
You spent 132 gold pieces at shops.

Inventory:

Hand Weapons
 j - a +0 longbow (weapon)
 t - the +6 rapier of Golden Gallantry {freeze, Fragile rElec rF++ Int+2}
   (You found it on level 2 of the Dungeon)

   Int:       It affects your intelligence (+2).
   rF:        It greatly protects you from fire.
   rElec:     It insulates you from electricity.
   Fragile:   It will be destroyed if unequipped.
Armour
 b - a +0 robe (worn)
 c - a +0 hat (worn)
 u - a +0 pair of boots (worn)
Jewellery
 p - a ring of poison resistance (left hand)
 y - a ring of resist corrosion (right hand)
Wands
 s - a wand of flame (8)
Scrolls
 e - 3 scrolls of identify {unknown}
 h - a scroll of teleportation {unknown}
 i - 2 scrolls of noise {unknown}
 k - 2 scrolls of fear {unknown}
 l - a scroll of poison {unknown}
 m - 2 scrolls of immolation {unknown}
 n - a scroll of blinking {unknown}
 o - a scroll of revelation {unknown}
 r - a scroll of enchant weapon {unknown}
Potions
 a - a potion of degeneration {unknown}
 d - a potion of magic
 f - a potion of enlightenment {unknown}
 g - a potion of mutation {unknown}
 q - a potion of cancellation {unknown}
 v - a potion of heal wounds {unknown}
 w - a potion of curing {unknown}
 x - a potion of might {unknown}


   Skills:
 - Level 1.1 Fighting
 - Level 1.0 Armour
 - Level 3.1 Dodging
 - Level 3.2 Stealth
 * Level 6.7 Spellcasting
 + Level 3.0 Conjurations
 - Level 1.1 Summonings
 - Level 1.1 Translocations
 + Level 0.9 Ice Magic
 + Level 0.7 Air Magic
 + Level 0.9 Poison Magic
 + Level 0.9 Evocations


You had 5 spell levels left.
You knew the following spells:

 Your Spells              Type           Power      Damage    Failure   Level
a - Magic Dart            Conj           76%        1d6       2%          1
b - Mephitic Cloud        Conj/Pois/Air  13%        N/A       14%         3
c - Call Imp              Summ           22%        N/A       9%          2
d - Blink                 Tloc           22%        N/A       9%          2
e - Freezing Cloud        Conj/Ice/Air   6%         6-21      78%         5

Your spell library contained the following spells:

 Spells                   Type           Power      Damage    Failure   Level
 Sting                    Tmut/Pois      36%        1d4       8%          1
 Slow                     Hex            28%        N/A       9%          1
 Poisonous Vapours        Pois/Air       20%        N/A       10%         2
 Cigotuvi's Dreadful Rot  Necr/Pois/Air  18%        N/A       11%         2
 Olgreb's Toxic Radiance  Pois           11%        N/A       52%         4


Dungeon Overview and Level Annotations

Branches:
Dungeon (5/15)
 Temple: D:4-7

Altars:
Ashenzari
Dithmenos

Shops:
D:4 :


Message History

Found 13 gold pieces.
You see here 18 gold pieces.
The iguana hisses angrily.
You see here a ring of resist corrosion.
y - a ring of resist corrosion
y - a ring of resist corrosion (right hand)
Casting: Magic Dart (safe; 2% risk of failure)
Confirm with . or Enter, or press ? or * to list all spells.
The spell is quite dangerous to miscast (14% risk of failure)!
Continue anyway?
Aiming: Mephitic Cloud (quite dangerous; 14% risk of failure)
Press: ? - help, Shift-Dir - straight line, f - iguana
Aim: an iguana (chance to affect: 86%)
The ball explodes into a vile cloud!
The stinking cloud engulfs the iguana but does no damage.
You hear a shout!
The iguana is engulfed in noxious fumes.
Unknown command.
Fire: j) +0 longbow
Press: ? - help, Q - select action, (/) - cycle Shift-Dir - straight line, f/p - iguana
Aim: an iguana (noxious fumes, 58% to hit)
You shoot an arrow. The arrow hits the iguana.
The iguana is lightly wounded.
An ogre comes into view. It is wielding a +0 giant spiked club.
The iguana is engulfed in noxious fumes.
The iguana appears confused.
Fire: j) +0 longbow
Press: ? - help, Q - select action, (/) - cycle Shift-Dir - straight line, f/p - iguana
Aim: an iguana (lightly wounded, confused, 80% to hit)
You shoot an arrow. The arrow hits the iguana!
The iguana is heavily wounded.
Unknown command.
Fire: j) +0 longbow
Press: ? - help, Q - select action, (/) - cycle Shift-Dir - straight line, f/p - iguana
Aim: an iguana (heavily wounded, confused, 80% to hit)
You shoot an arrow. The arrow hits the iguana.
The iguana is severely wounded.
The iguana bites the ogre!
The iguana barely misses the ogre.
The ogre hits you with a +0 giant spiked club!!!
Ouch! That really hurt!
You die...

#### ..# #.#
##.##############
#................
##O###############
#@.l..$.#
#.#.#.#.#
...............
#.##..#.#.#....#.
# ##.......#....$
.. #.#.#.#.##.#.#
.l ....?....# .$..
.###.###.# #.#


You could see an ogre and an iguana (confused).

Vanquished Creatures
  A phantom (D:4)
  A hound (D:5)
  3 sleepcaps (D:4)
  An iguana (D:4)
  An orc wizard (D:3)
  An adder (D:4)
  A worm (D:3)
  6 orcs
  6 ball pythons
  2 bats
  6 endoplasms
  3 giant cockroaches
  4 goblins
  6 hobgoblins
  4 quokkas
  A frilled lizard (D:1)
  4 kobolds
  8 rats
59 creatures vanquished.

Vanquished Creatures (collateral kills)
  An orc (D:3)
1 creature vanquished.

Grand Total: 60 creatures vanquished

Notes
Turn   | Place    | Note
-------+----------+-------------------------------------------
     0 | D:1      | pokeman the Deep Elf Hedge Wizard began the quest for the
                  | Orb.
     0 | D:1      | Reached XP level 1. HP: 10/10 MP: 7/7
   256 | D:1      | Reached XP level 2. HP: 4/16 MP: 1/9
   828 | D:1      | Reached skill level 5 in Spellcasting
  1471 | D:2      | Reached XP level 3. HP: 15/20 MP: 11/11
  1479 | D:2      | Learned a level 3 spell: Mephitic Cloud
  1482 | D:2      | Learned a level 2 spell: Call Imp
  1485 | D:2      | Learned a level 2 spell: Blink
  1689 | D:2      | Identified the +6 rapier of Golden Gallantry {freeze,
                  | Fragile rElec rF++ Int+2}
  1754 | D:2      | You fall into a shaft and drop 1 floor!
  1973 | D:3      | Reached skill level 1 in Fighting
  1973 | D:3      | Reached skill level 1 in Armour
  1973 | D:3      | Reached XP level 4. HP: 19/25 MP: 11/13
  2657 | D:3      | HP: 1/25 [orc/+0 flail (9)]
  3137 | D:4      | Found Zokouhied's Tiny Tomes.
  3142 | D:4      | Bought the Directory of Clouds for 132 gold pieces
  3225 | D:4      | Noticed a phantom
  3259 | D:4      | Killed a phantom
  3260 | D:4      | Reached skill level 6 in Spellcasting
  3260 | D:4      | Reached XP level 5. HP: 8/29 MP: 3/15
  3443 | D:4      | Learned a level 5 spell: Freezing Cloud
  3611 | D:4      | Found a broken altar of Ashenzari.
  3732 | D:4      | Reached XP level 6. HP: 34/34 MP: 17/17
  3924 | D:4      | Found a shadowy altar of Dithmenos.
  4045 | D:5      | Entered Level 5 of the Dungeon
  4128 | D:5      | Slain by an ogre

Illustrated notes

Levels and vault maps discovered:
D:1:      dpeg_arrival_round_c, layout_loops_ring, serial_forest,
          infiniplex_forest_side_room, infiniplex_forest_clump_curved,
          infiniplex_forest_straight_3, infiniplex_forest_end_2,
          infiniplex_forest_lined_1, infiniplex_forest_lined_room_,
          infiniplex_forest_end_2
D:2:      layout_rooms
D:3:      layout_basic, serial_glass, glass_columns_a, glass_columns_c,
          serial_bayou_lake_a
D:4:      layout_loops_corners, kennysheep_mini_moat,
          cheibrodos_ashenzari_chains, minmay_gold_behind_fungi,
          nicolae_shop_i_like_small_books_too, hellmonk_no_cap
D:5:      layout_loops_ring, mainiacjoe_overflow_24_doors, serial_glass,
          glass_columns_b, glass_columns_b, glass_columns_c, glass_columns_c,
          gup_sewer_entry_bowl

Skill      XL: |  1  2  3  4  5  6 |
---------------+-------------------+-----
Spellcasting   | 5 6 |  6.7
Fighting       | 1 |  1.1
Armour         | 1 |  1.0
Conjurations   | 2 3 |  3.0
Dodging        | 3 |  3.1
Stealth        | 3 |  3.2
Summonings     | |  1.1
Translocations | |  1.1
Ice Magic      | |  0.9
Air Magic      | |  0.7
Poison Magic   | |  0.9
Evocations     | |  0.9

Action                     |  1- 3 |  4- 6 || total
---------------------------+-------+-------++-------
  Melee: Dagger            |     7 |       ||     7
   Fire: Longbow           |    30 |    52 ||    82
   Cast: Magic Dart        |    61 |    14 ||    75
         Call Imp          |       |     5 ||     5
         Blink             |       |     2 ||     2
         Mephitic Cloud    |       |     2 ||     2
   Stab: Sleeping          |     1 |       ||     1
 Armour: Robe              |     3 |     9 ||    12
  Dodge: Dodged            |    12 |    19 ||    31

Table legend: (Time is in decaauts)
 A = Elapsed time spent in this place.
 B = Non-inter-level travel time spent in this place.
 C = Inter-level travel time spent in this place.
 D = Time resting spent in this place.
 E = Time spent auto-exploring this place.
 F = Levels seen in this place.
 G = Mean time per level.
                   A        B        C        D        E       F      G
               +--------+--------+--------+--------+--------+-----+--------+
         Total |   4217 |   3994 |    223 |      0 |   3444 |   5 |  843.4 |
       Dungeon |   4217 |   3994 |    223 |      0 |   3444 |   5 |  843.4 |
               +--------+--------+--------+--------+--------+-----+--------+

Top non-repeatable levels by time:
     D:1: 1370 daAuts
     D:4: 1154 daAuts
     D:3: 1052 daAuts
     D:2: 556 daAuts
     D:5: 84 daAuts
